 Dungeon Crawl Stone Soup version 0.23-a0-819-g6debee6 (console) character file.

23122 Duffy the Nimble (level 12, -3/76 (77) HPs)
             Began as a Deep Elf Fire Elementalist on Jan 22, 2019.
             Was an Elder of Vehumet.
             Slain by a black mamba (19 damage)
             ... on level 4 of the Lair of Beasts.
             The game lasted 00:26:24 (20619 turns).

Duffy the Nimble (Deep Elf Fire Elementalist)      Turns: 20619, Time: 00:26:25

HP:   -3/76 (77)    AC:  9    Str:  5    XL:     12   Next: 69%
MP:   7/38          EV: 22    Int: 28    God:    Vehumet [****..]
Gold: 489           SH:  0    Dex: 15    Spells: 20/33 levels left

rFire    . . .     SeeInvis .   c - 20 rations
rCold    . . .     Gourm    +   (no shield)
rNeg     . . .     Faith    .   N - +2 robe "Juzaghid" {+Blink +Fly Int+2}
rPois    .         Spirit   .   j - +2 helmet
rElec    .         Reflect  .   w - scarf {cloud immunity}
rCorr    .         Harm     .   E - +0 pair of gloves
MR       +....                  y - +0 pair of boots
Stlth    +.........             q - amulet of the gourmand
HPRegen  0.22/turn              R - ring of magical power
MPRegen  0.26/turn              F - +2 ring of evasion

@: confused, lethally poisoned (-3 -> -46)
A: no striking features
a: Renounce Religion, Evoke Blink, Evoke Flight


You were on level 4 of the Lair of Beasts.
You worshipped Vehumet.
Vehumet was greatly pleased with you.
You were full.

You visited 3 branches of the dungeon, and saw 15 of its levels.
You also visited: Ice Cave.

You collected 489 gold pieces.

Inventory:

Armour
 j - a +2 helmet (worn)
 w - a scarf of cloud immunity (worn)
 y - a +0 pair of boots (worn)
 E - a +0 pair of gloves (worn)
 N - the +2 robe "Juzaghid" (worn) {+Blink +Fly Int+2}
   (You found it in an ice cave)

   It affects your intelligence (+2).
   It lets you fly.
   It lets you blink.
 O - a scarf of repulsion
Jewellery
 i - an uncursed ring of protection from cold
 m - an uncursed ring of see invisible
 q - an amulet of the gourmand (around neck)
 x - an uncursed ring of protection from fire
 F - a +2 ring of evasion (right hand)
 R - a ring of magical power (left hand)
Wands
 a - a wand of enslavement (8)
 o - a wand of polymorph (14)
 B - a wand of digging (7)
 G - a wand of flame (14)
 J - a wand of iceblast (3)
 K - a wand of paralysis (15)
Scrolls
 b - 3 scrolls of fear {unknown}
 f - 3 scrolls of fog {unknown}
 g - 3 scrolls of enchant weapon {unknown}
 h - 3 scrolls of immolation {unknown}
 l - 11 scrolls of remove curse
 n - 6 scrolls of enchant armour {unknown}
 p - 13 scrolls of identify {unknown}
 r - 3 scrolls of random uselessness {unknown}
 s - 4 scrolls of magic mapping {unknown}
 A - a scroll of noise {unknown}
 H - 8 scrolls of teleportation {unknown}
 I - 3 scrolls of amnesia {unknown}
 M - a scroll of silence {unknown}
Potions
 d - 2 potions of brilliance {unknown}
 e - 5 potions of heal wounds {unknown}
 k - 10 potions of curing
 t - 2 potions of might {unknown}
 u - a potion of magic {unknown}
 v - 2 potions of berserk rage {unknown}
 z - a potion of agility {unknown}
 C - a potion of lignification {unknown}
 D - a potion of degeneration {unknown}
 L - 3 potions of flight {unknown}
 P - a potion of haste {unknown}
Comestibles
 c - 20 rations (in hand)


   Skills:
 - Level 10.0 Fighting
 - Level 11.2 Dodging
 - Level 2.4 Stealth
 + Level 11.0 Spellcasting
 + Level 9.6 Conjurations
 + Level 9.7 Fire Magic
 - Level 6.0 Evocations


You had 20 spell levels left.
You knew the following spells:

 Your Spells              Type           Power        Failure   Level  Hunger
h - Flame Tongue          Conj/Fire      #####        1%          1    None
j - Sticky Flame          Conj/Fire      ######..     1%          4    None
k - Fireball              Conj/Fire      ######....   1%          5    ###....
l - Conjure Flame         Conj/Fire      ######..     1%          3    None

Your spell library contained the following spells:

 Spells                   Type           Power        Failure   Level  Hunger
 Dazzling Spray           Conj/Hex       #####.       1%          3    None
 Throw Flame              Conj/Fire      ######       1%          2    None
 Inner Flame              Hex/Fire       #####...     1%          3    None
 Corona                   Hex            ###....      3%          1    None
 Summon Small Mammal      Summ           ###.         3%          1    None
 Call Imp                 Summ           ###.....     5%          2    None
 Slow                     Hex            ###.....     5%          2    None
 Call Canine Familiar     Summ           ###.....     11%         3    None
 Portal Projectile        Hex/Tloc       ###...       11%         3    None
 Summon Guardian Golem    Hex/Summ       ###.....     11%         3    None
 Cause Fear               Hex            ###.......   34%         4    None
 Leda's Liquefaction      Hex/Erth       ###.......   34%         4    None
 Summon Ice Beast         Ice/Summ       ###.....     34%         4    None
 Summon Lightning Spire   Summ/Air       ###.....     34%         4    None


Dungeon Overview and Level Annotations

Branches:
Dungeon (10/15)            Temple (1/1) D:7            Lair (4/6) D:8
 Shoals (0/4) Lair:3          Orc (0/2) D:9
  Snake: Lair:2-4    Spider: Lair:2-4

Altars:
Ashenzari
Cheibriados
Dithmenos
Elyvilon
Fedhas
Gozag
Hepliaklqana
Kikubaaqudgha
Makhleb
Nemelex Xobeh
Okawaru
Qazlal
Ru
Sif Muna
Trog
Uskayaw
Vehumet
Wu Jian
Xom
Yredelemnul
Zin
The Shining One
Beogh

Shops:
D:4 }

Annotations:
Lair:3 2 transporters, Naizifi's ghost, journeyman KoNe
Lair:4 Rupert


Message History

You are poisoned.
The black mamba poisons you!
A hell rat comes into view.
Rupert yells loudly at you.
You struggle to resist.
You feel sick. The black mamba bites you!
You are more poisoned.
The black mamba poisons you! Rupert roars wildly at you.
You are confused.
The black mamba bites you!
You are more poisoned.
The black mamba poisons you!
You can move again.
You're too confused to cast spells.
You're too confused to move!
You feel very sick.
The hell rat roars deafeningly!
The black mamba bites you!!
You die...

#
#.#####
#....#
#...@#
#..S.+
#...%#
#..r@.
#.##.#
#.


#rr . r.. .. ... You could see Rupert, a black mamba and 4 hell rats.

Vanquished Creatures
  A two-headed ogre (D:8)
  2 hydras
  5 death yaks
  A necromancer (IceCv)
  A merfolk siren (Lair:3)
  3 ice statues (IceCv)
  8 spiny frogs
  A komodo dragon (Lair:2)
  9 ice devils (IceCv)
  A troll (D:10)
  A merfolk (Lair:3)
  A hornet (Lair:3)
  3 hippogriffs
  18 yaks
  A basilisk (Lair:3)
  Menkaure (D:6)
  6 water moccasins
  2 porcupines
  3 ice beasts
  3 orc warriors
  2 sky beasts
  8 ogres
  A phantom (D:4)
  3 centaurs
  8 wolves
  7 necrophages (D:8)
  2 crocodiles (Lair:1)
  A big kobold (D:7)
  9 bullfrogs
  A wyvern zombie (D:10)
  A water moccasin zombie (D:10)
  A wyvern skeleton (D:8)
  3 scorpions
  3 killer bees (D:8)
  9 wights
  6 electric eels
  3 bullfrog zombies
  4 crimson imps
  7 hounds
  A quasit (D:8)
  A draconian simulacrum (IceCv)
  8 orc priests
  2 centaur skeletons
  A bullfrog skeleton (D:5)
  An iguana (D:6)
  Natasha (twice) (D:3)
  9 orc wizards
  12 worker ants
  Ijyb (D:2)
  3 spriggan simulacra (IceCv)
  A killer bee zombie (D:8)
  2 troll simulacra (IceCv)
  A centaur simulacrum (IceCv)
  A mummy (D:8)
  A howler monkey zombie (D:8)
  3 worker ant zombies
  A gnoll (D:2)
  8 adders
  A howler monkey skeleton (D:8)
  3 naga simulacra (IceCv)
  2 shadow imps
  12 white imps (Lair:1)
  4 oozes
  2 adder zombies (D:8)
  2 worms
  5 dart slugs
  5 leopard geckos
  46 orcs
  6 bats
  6 giant cockroaches
  7 goblins
  10 hobgoblins
  15 jackals
  18 kobolds
  2 quokkas
  7 frilled lizards
  A leopard gecko skeleton (D:7)
  2 quokka skeletons
  A quokka zombie (D:8)
  4 rats
  A fungus (Lair:4)
371 creatures vanquished.

Notes
Turn   | Place    | Note
-------+----------+-------------------------------------------
     0 | D:1      | Duffy the Deep Elf Fire Elementalist began the quest for
                  | the Orb.
     0 | D:1      | Reached XP level 1. HP: 10/10 MP: 6/6
   206 | D:1      | Reached XP level 2. HP: 10/15 MP: 5/8
   753 | D:1      | Reached XP level 3. HP: 19/19 MP: 7/9
   758 | D:1      | Learned a level 3 spell: Conjure Flame
   780 | D:1      | Found a sparkling altar of Nemelex Xobeh.
  2057 | D:2      | Reached XP level 4. HP: 24/24 MP: 9/11
  2063 | D:2      | Learned a level 4 spell: Sticky Flame
  2192 | D:2      | Found an iron altar of Okawaru.
  2353 | D:3      | Noticed Ijyb
  2445 | D:2      | Killed Ijyb
  2445 | D:2      | Reached XP level 5. HP: 24/28 MP: 13/13
  2949 | D:3      | Learned a level 5 spell: Fireball
  3527 | D:3      | Noticed Natasha
  3533 | D:3      | Killed Natasha
  3610 | D:3      | Noticed Natasha
  3613 | D:3      | Killed Natasha
  3613 | D:3      | Reached skill level 1 in Fighting
  3613 | D:3      | Reached XP level 6. HP: 34/34 MP: 11/14
  3717 | D:4      | Found Vearghips's Gadget Shop.
  4952 | D:5      | Entered Level 5 of the Dungeon
  4952 | D:5      | Noticed a sky beast
  4960 | D:5      | Killed a sky beast
  4960 | D:5      | Reached skill level 5 in Dodging
  4960 | D:5      | Reached XP level 7. HP: 28/40 MP: 1/15
  5278 | D:5      | Found a stormy altar of Qazlal.
  5280 | D:5      | Noticed a water elemental
  5281 | D:5      | Noticed an air elemental
  5281 | D:5      | Noticed a fire elemental
  6001 | D:5      | Found a hazy altar of Hepliaklqana.
  6303 | D:6      | Reached XP level 8. HP: 48/48 MP: 0/16
  6484 | D:6      | Found a white marble altar of Elyvilon.
  6491 | D:6      | Reached skill level 5 in Fighting
  7154 | D:6      | Noticed Menkaure
  7159 | D:6      | Killed Menkaure
  7900 | D:7      | Reached XP level 9. HP: 51/58 MP: 7/17
  8546 | D:7      | Found a staircase to the Ecumenical Temple.
  8616 | Temple   | Entered the Ecumenical Temple
  9247 | D:8      | Noticed a two-headed ogre
  9256 | D:8      | Killed a two-headed ogre
  9710 | D:8      | Found a sparkling altar of Nemelex Xobeh.
 10398 | D:8      | Reached XP level 10. HP: 65/65 MP: 10/18
 10495 | D:8      | Noticed a death yak
 10513 | D:8      | Killed a death yak
 10513 | D:8      | Reached skill level 10 in Dodging
 10698 | D:8      | Noticed a death yak
 10707 | D:8      | Noticed a death yak
 10708 | D:8      | Killed a death yak
 10709 | D:8      | Noticed a death yak
 10711 | D:8      | Noticed a death yak
 10933 | D:6      | Killed a death yak
 11174 | D:8      | Reached skill level 10 in Fighting
 11255 | D:8      | Found a staircase to the Lair.
 11331 | D:8      | Reached skill level 1 in Evocations
 11485 | D:8      | Found a basalt altar of Yredelemnul.
 11612 | D:7      | Killed a death yak
 11738 | D:8      | Killed a death yak
 11738 | D:8      | Reached skill level 5 in Evocations
 12102 | D:8      | Found an ornate altar of the Wu Jian Council.
 12103 | D:8      | Found a blossoming altar of Fedhas.
 12118 | D:8      | Reached XP level 11. HP: 71/71 MP: 14/19
 12470 | D:9      | Found a radiant altar of Vehumet.
 12485 | D:9      | Became a worshipper of Vehumet
 12664 | D:9      | Found a snail-covered altar of Cheibriados.
 12713 | D:9      | Found a roughly hewn altar of Beogh.
 12713 | D:9      | Found a staircase to the Orcish Mines.
 12742 | D:9      | Reached skill level 5 in Spellcasting
 13157 | D:9      | Reached * piety under Vehumet
 13157 | D:9      | Offered knowledge of Sandblast by Vehumet.
 13583 | D:9      | Reached skill level 5 in Fire Magic
 13858 | D:10     | Entered Level 10 of the Dungeon
 13935 | D:10     | Reached skill level 5 in Conjurations
 14555 | D:10     | Paralysed by an orc for 5 turns
 14563 | D:10     | Offered knowledge of Freeze by Vehumet.
 14565 | D:10     | Reached ** piety under Vehumet
 15340 | Lair:1   | Entered Level 1 of the Lair of Beasts
 15525 | Lair:1   | Found a frozen archway.
 15599 | IceCv    | Entered an ice cave
 15711 | IceCv    | Offered knowledge of Ignite Poison by Vehumet.
 16310 | IceCv    | Reached *** piety under Vehumet
 16699 | IceCv    | Noticed a necromancer
 16702 | IceCv    | Killed a necromancer
 16705 | IceCv    | Got a faintly glowing scale mail
 16720 | IceCv    | Got a sheer robe
 16731 | IceCv    | Identified the +2 robe "Juzaghid" {+Blink +Fly Int+2} (You
                  | found it in an ice cave)
 16877 | IceCv    | Identified the +4 scale mail "Sucese" {Int+6} (You found it
                  | in an ice cave)
 16922 | Lair:1   | Reached XP level 12. HP: 76/76 MP: 18/26
 17215 | Lair:1   | Offered knowledge of Dazzling Spray by Vehumet.
 18942 | Lair:2   | Noticed a six-headed hydra
 18948 | Lair:2   | Killed a six-headed hydra
 18948 | Lair:2   | Reached skill level 10 in Spellcasting
 19160 | Lair:3   | Found a transporter.
 19175 | Lair:3   | Found a transporter.
 19175 | Lair:3   | Noticed Naizifi's ghost (journeyman KoNe)
 19614 | Lair:3   | Noticed a four-headed hydra
 19635 | Lair:3   | Killed a four-headed hydra
 19635 | Lair:3   | Reached **** piety under Vehumet
 20309 | Lair:3   | Found a staircase to the Shoals.
 20459 | Lair:4   | Noticed a six-headed hydra
 20610 | Lair:4   | Noticed Rupert
 20616 | Lair:4   | Paralysed by Rupert for 3 turns
 20619 | Lair:4   | Slain by a black mamba

Vault maps used:
D:1:      minmay_arrival_five_plusses, nemelex_diamond_rough_becter
D:2:      okawaru_altar_gauntlet_db
D:3:      first_ration, uniq_natasha, uniq_ijyb
D:4:      serial_shops, nicolae_shop_window_shopping
D:5:      kennysheep_mini, kennysheep_nondescript,
          nicolae_qazlal_style_of_elements
D:6:      lemuel_crystal_altar, minmay_misc_feat_more_columns,
          kennysheep_doodads, uniq_menkaure
D:7:      temple_pool_b
D:8:      chequers_temple_overflow_statue_of_worship,
          lemuel_coloured_pillars_altar, old_standard_altar, dpeg_lair_monsters,
          serial_undead, serial_undead_a, serial_undead_b, serial_undead_b,
          serial_undead_a, serial_undead_c
D:9:      slow_altar_2, vehumet_altar_wand_db, david_orc_5,
          minmay_misc_feat_four_crosses
D:10:     kennysheep_big_empty_room
Temple:   minmay_temple_bridge_abc
Lair:1:   portal_ice_cave_entry_imps, lemuel_fruit_tree, grunt_megastairs_4,
          lemuel_fruit_fields
Lair:2:   nicolae_quartered_pool_super, minivault_27, fungi_pond_lemuel,
          chequers_serial_rivers_micro_b, serial_bayou_shore_a
Lair:3:   elwin_shoals_entry_rooms, gammafunk_ghost_arena
Lair:4:   guppyfry_snake_entry_garden, lookout_lair_type, minivault_25,
          grunt_forest_large_clearings, uniq_rupert, uniq_urug
IceCv:    ice_cave_tombish

Skill      XL: |  1  2  3  4  5  6  7  8  9 10 11 12 |
---------------+-------------------------------------+-----
Conjurations   | 2 3 4 7 9 |  9.6
Spellcasting   | 4 8 11 | 11.0
Fire Magic     | 4 7 9 |  9.7
Dodging        | 3 5 6 9 11 | 11.2
Fighting       | 1 2 4 7 9 10 | 10.0
Evocations     | 5 6 |  6.0
Stealth        | |  2.4

Action                   |  1- 3 |  4- 6 |  7- 9 | 10-12 || total
-------------------------+-------+-------+-------+-------++-------
Melee: Unarmed           |       |    11 |       |     1 ||    12
 Cast: Flame Tongue      |    82 |   108 |   241 |   419 ||   850
       Sticky Flame      |       |     2 |    26 |    75 ||   103
       Conjure Flame     |       |       |    12 |    44 ||    56
       Fireball          |       |       |       |    49 ||    49
Evoke: Wand              |       |       |    13 |    10 ||    23
  Use: Scroll            |       |       |     1 |       ||     1
 Stab: Confused          |       |     1 |       |       ||     1
  Eat: Chunk             |     3 |    20 |    19 |    41 ||    83
       Ration            |       |       |       |     1 ||     1
Armor: Robe              |     9 |     8 |    26 |    26 ||    69
       Troll leather arm |       |       |       |    35 ||    35
Dodge: Dodged            |    24 |    32 |   136 |   317 ||   509

Table legend:
 A = Non-vault XP
 B = Vault XP
 C = Vault XP percentage of total XP
 D = Non-vault monster count
 E = Vault monster count
 F = Vault count percentage of total count
                 A         B        C        D         E       F
            +---------+---------+-------+---------+---------+-------
      Total |   19458 |   13574 |  41.1 |     268 |     102 |  27.6
            +---------+---------+-------+---------+---------+-------
        D:1 |      65 |       0 |   0.0 |      30 |       0 |   0.0
        D:2 |     121 |      59 |  32.8 |      23 |       7 |  23.3
        D:3 |     120 |      35 |  22.6 |      19 |       1 |   5.0
        D:4 |     299 |       0 |   0.0 |      13 |       0 |   0.0
        D:5 |     531 |       0 |   0.0 |      18 |       0 |   0.0
        D:6 |    1250 |    1040 |  45.4 |      25 |       2 |   7.4
        D:7 |     983 |     884 |  47.3 |      25 |       1 |   3.8
        D:8 |    1989 |    4072 |  67.2 |      24 |      22 |  47.8
        D:9 |     890 |     234 |  20.8 |      16 |      23 |  59.0
       D:10 |    2886 |       0 |   0.0 |      33 |       0 |   0.0
     Lair:1 |    4022 |     269 |   6.3 |      17 |      13 |  43.3
     Lair:2 |    2591 |       0 |   0.0 |      11 |       0 |   0.0
     Lair:3 |    3623 |     910 |  20.1 |      13 |       3 |  18.8
     Lair:4 |      88 |     818 |  90.3 |       1 |       7 |  87.5
      IceCv |       0 |    5253 | 100.0 |       0 |      23 | 100.0
            +---------+---------+-------+---------+---------+-------
